 Dungeon Crawl Stone Soup version 0.30-a0-782-ge64f9170bb (webtiles) character file.

Game seed: 9771410190999148452

6314 Cecky the Cleaver (level 10, -7/64 HPs)
             Began as a Gargoyle Fighter on Dec 31, 2022.
             Was a Follower of Sif Muna.
             Mangled by a skeletal warrior
             ... wielding a +0 war axe
              (10 damage)
             ... on level 8 of the Dungeon on Feb 22, 2023.
             The game lasted 00:23:55 (8585 turns).

Cecky the Cleaver (Gargoyle Fighter)                Turns: 8585, Time: 00:23:56

Health: -7/64      AC: 18    Str: 20    XL:     10   Next: 95%
Magic:  0/10       EV:  7    Int: 13    God:    Sif Muna [*.....]
Gold:   591        SH:  4    Dex: 13    Spells: 5/9 levels left

rFire   . . .      SeeInvis .    d - +2 war axe (elec)
rCold   + . .      Faith    .    c - +0 buckler
rNeg    + . .      Spirit   +    A - +0 chain mail
rPois   ∞          Reflect  .    m - +0 helmet
rElec   +          Harm     .    (no cloak)
rCorr   .          Rampage  .    (no gloves)
Will    +....                    e - +0 pair of boots Stlth
                                 B - amulet of guardian spirit
HPRegen 0.30/turn                k - +6 ring of dexterity
MPRegen 0.12/turn                w - ring "Extodar" {rPois rC+ Will+ Dex-2}

@: mighty
A: sickness immunity, AC +7, negative energy resistance 1, electricity
resistance, torment resistance 1, petrification resistance
a: Renounce Religion, Channel Magic


You were on level 8 of the Dungeon.
You worshipped Sif Muna.
Sif Muna was aware of your devotion.
You visited 2 branches of the dungeon, and saw 10 of its levels.

You collected 591 gold pieces.

Inventory:

Hand Weapons
 d - a +2 war axe of electrocution (weapon)
Missiles
 r - 7 poisoned darts
 z - 6 atropa-tipped darts (quivered)
Armour
 c - a +0 buckler (worn)
 e - a +0 pair of boots (worn)
 m - a +0 helmet (worn)
 A - a +0 chain mail (worn)
Jewellery
 k - a +6 ring of dexterity (left hand)
 l - a ring of fire
 w - the ring "Extodar" (right hand) {rPois rC+ Will+ Dex-2}
   (You found it on level 5 of the Dungeon)

   [ring of willpower]

   Dex:       It affects your dexterity (-2).
   rC:        It protects you from cold.
   rPois:     It protects you from poison.
   Will:      It increases your willpower.
 B - an amulet of guardian spirit (around neck)
 I - a ring of resist corrosion
 J - an amulet of reflection
Wands
 s - a wand of polymorph (8)
 D - a wand of quicksilver (6)
 E - a wand of digging (6)
 L - a wand of mindburst (9)
Scrolls
 a - 3 scrolls of enchant armour
 b - 5 scrolls of poison {unknown}
 f - 3 scrolls of silence {unknown}
 g - 2 scrolls of enchant weapon {unknown}
 j - 4 scrolls of fear
 o - 2 scrolls of teleportation {unknown}
 p - 2 scrolls of blinking {unknown}
 q - a scroll of noise {unknown}
 x - a scroll of brand weapon {unknown}
 y - 2 scrolls of vulnerability {unknown}
 K - 2 scrolls of identify
Potions
 h - 2 potions of attraction
 i - a potion of mutation
 t - 2 potions of curing
 u - 4 potions of flight
 v - 2 potions of haste
 C - 2 potions of brilliance
 F - 2 potions of berserk rage {unknown}
 G - a potion of ambrosia {unknown}
 H - a potion of might


   Skills:
 + Level 7.7 Fighting
 * Level 12.8(13.0) Axes
 - Level 3.6(9.7) Maces & Flails
 - Level 0.3 Throwing
 - Level 3.4 Armour
 - Level 0.7 Dodging
 - Level 0.2 Stealth
 - Level 3.2 Shields
 - Level 3.5 Earth Magic


You had 5 spell levels left.
You knew the following spells:

 Your Spells              Type           Power      Damage    Failure   Level
a - Leda's Liquefaction   Hex/Erth       2%         N/A       100%        4

Your spell library contained the following spells:

 Spells                   Type           Power      Damage    Failure   Level
 Freeze                   Ice            0%         1d3       99%         1
 Scorch                   Fire           0%         2d5       99%         2
 Call Canine Familiar     Summ           0%         N/A       100%        3
 Frozen Ramparts          Ice            0%         1d1       100%        3
 Hailstorm                Conj/Ice       0%         3d3       100%        3
 Portal Projectile        Hex/Tloc       0%         N/A       100%        3
 Tukima's Dance           Hex            0%         N/A       100%        3
 Airstrike                Air            0%         2d(0-16)  100%        4
 Dispel Undead            Necr           0%         3d6       100%        4
 Flame Wave               Conj/Fire      0%         2d4       100%        4
 Petrify                  Tmut/Erth      4%         N/A       100%        4
 Summon Lightning Spire   Summ/Air       0%         N/A       100%        4
 Blade Hands              Tmut           0%         N/A       100%        5
 Irradiate                Conj/Tmut      0%         3d11      100%        5
 Lightning Bolt           Conj/Air       0%         1d11      100%        5
 Death Channel            Necr           0%         N/A       100%        6
 Summon Cactus Giant      Summ           0%         N/A       100%        6
 Cigotuvi's Dreadful Rot  Necr/Pois/Air  Unusable   N/A       N/A         2
 Sublimation of Blood     Necr           Unusable   N/A       N/A         2

Dungeon Overview and Level Annotations

Branches:
Dungeon (9/15)             Temple (1/1) D:6
   Lair: D:8-11         Orc: D:9-12

Altars:
Ashenzari
Cheibriados
Dithmenos
Elyvilon
Gozag
Hepliaklqana
Makhleb
Nemelex Xobeh
Okawaru
Qazlal
Ru
Sif Muna
Trog
Uskayaw
Vehumet
Wu Jian
Xom
Yredelemnul
Zin
The Shining One

Shops:
D:8 [


Innate Abilities, Weirdness & Mutations

You are immune to sickness and miasma.
Your stone body is resilient. (AC +7)
You are immune to poison.
You resist negative energy. (rN+)
You are resistant to electric shocks. (rElec)
You are resistant to unholy torment.
You are immune to petrification.


Message History

The skeletal warrior is moderately damaged.
The skeletal warrior barely misses you.
You slash the skeletal warrior!
The skeletal warrior is heavily damaged.
The skeletal warrior completely misses you.
You barely miss the skeletal warrior.
The skeletal warrior is heavily damaged.
The skeletal warrior hits you with a +0 war axe!
* * * LOW HITPOINT WARNING * * *
You hit the skeletal warrior.
The skeletal warrior is heavily damaged.
The skeletal warrior hits you with a +0 war axe.
* * * LOW HITPOINT WARNING * * *
You closely miss the skeletal warrior.
The skeletal warrior is heavily damaged.
The skeletal warrior hits you with a +0 war axe.
* * * LOW HITPOINT WARNING * * *
You feel much better.
The skeletal warrior hits you with a +0 war axe.
You feel very mighty all of a sudden.
The skeletal warrior hits you with a +0 war axe!
* * * LOW HITPOINT WARNING * * *
You slash the skeletal warrior!
Lightning courses through the skeletal warrior!
The skeletal warrior is severely damaged.
The skeletal warrior barely misses you.
You slash the skeletal warrior!
The skeletal warrior is almost destroyed.
The skeletal warrior hits you with a +0 war axe!
* * * LOW HITPOINT WARNING * * *
Okay, then.
You hit the skeletal warrior.
The skeletal warrior is almost destroyed.
You closely miss the skeletal warrior.
The skeletal warrior is almost destroyed.
The skeletal warrior hits you but does no damage.
You hit the skeletal warrior but do no damage.
The skeletal warrior is almost destroyed.
The skeletal warrior hits you with a +0 war axe!
You die...

#.............'.....#....
#.............#.....'....
#.............#.....#....
#...##....##..#.....#.##.
#...########..#....##'##'
#.............#....#...#.
#.............#....#...#.
#......z......#....#...#.
###'##..@.....+....#...'.
#...##....##..#....######
#...#####'##+##..........
#(............+..........
#.............#..........
##'#######'###+#..........
#................#########
#................#
#................#


You could see a skeletal warrior.

Vanquished Creatures
  A two-headed ogre (D:9)
  Grinder (D:3)
  A hornet (D:7)
  7 yaks (D:9)
  5 humans (D:6)
  2 steam dragons
  Edmund (D:6)
  An acid dragon (D:9)
  2 sky beasts (D:8)
  2 orc warriors
  3 ice beasts
  2 black bears
  4 ogres
  A centaur (D:5)
  6 bullfrogs
  2 necrophages (D:4)
  3 scorpions
  6 killer bees
  3 howler monkeys
  3 hounds
  6 jellies
  2 orc priests (D:8)
  A gnoll bouda (D:7)
  3 iguanas
  7 orc wizards
  7 adders
  7 gnolls
  An ufetubus (D:3)
  A worm (D:2)
  2 dart slugs
  21 orcs
  5 ball pythons
  5 bats
  4 endoplasms
  4 giant cockroaches
  3 goblins
  6 hobgoblins
  5 jackals
  A quokka (D:1)
  3 frilled lizards
  14 kobolds
  8 rats
  2 bushes (D:2)
174 creatures vanquished.

Vanquished Creatures (others)
  7 plants (D:2)
7 creatures vanquished.

Grand Total: 181 creatures vanquished

Notes
Turn   | Place    | Note
-------+----------+-------------------------------------------
     0 | D:1      | Cecky the Gargoyle Fighter began the quest for the Orb.
     0 | D:1      | Reached XP level 1. HP: 14/14 MP: 1/1
   178 | D:1      | Reached XP level 2. HP: 20/20 MP: 2/2
   945 | D:2      | Reached XP level 3. HP: 24/24 MP: 3/3
   980 | D:2      | You fall into a shaft and drop 2 floors!
   984 | D:4      | Noticed a scorpion
  1035 | D:3      | HP: 1/24 [ufetubus (3)]
  1051 | D:3      | Killed a scorpion
  1052 | D:3      | Reached XP level 4. HP: 11/30 MP: 4/4
  1309 | D:2      | Reached XP level 5. HP: 34/34 MP: 5/5
  2321 | D:3      | Noticed Grinder
  2346 | D:3      | Paralysed by Grinder for 3 turns
  2353 | D:3      | Killed Grinder
  2354 | D:3      | Reached skill level 5 in Fighting
  2354 | D:3      | Reached skill level 3 in Axes
  2354 | D:3      | Reached XP level 6. HP: 40/40 MP: 6/6
  2812 | D:4      | Reached XP level 7. HP: 44/44 MP: 7/7
  2821 | D:4      | Reached skill level 4 in Axes
  2873 | D:4      | Learned a level 4 spell: Leda's Liquefaction
  3531 | D:5      | Entered Level 5 of the Dungeon
  3539 | D:5      | Reached skill level 1 in Earth Magic
  3585 | D:5      | Reached skill level 5 in Axes
  3731 | D:5      | Reached XP level 8. HP: 50/51 MP: 8/8
  3760 | D:5      | Reached skill level 6 in Axes
  4420 | D:5      | Reached skill level 7 in Axes
  4459 | D:5      | Identified the ring "Extodar" {rPois rC+ Will+ Dex-2}
  4974 | D:6      | Reached skill level 8 in Axes
  4974 | D:6      | Reached XP level 9. HP: 42/56 MP: 9/9
  4981 | D:6      | Upgraded the game from 0.30-a0-576-g89cddaab80 to
                  | 0.30-a0-782-ge64f9170bb
  5205 | D:6      | Noticed Edmund
  5211 | D:6      | Killed Edmund
  5389 | D:6      | Reached skill level 9 in Axes
  5631 | D:6      | Found a staircase to the Ecumenical Temple.
  5641 | D:6      | Reached skill level 10 in Axes
  5656 | Temple   | Entered the Ecumenical Temple
  5877 | Temple   | Became a worshipper of Sif Muna the Loreminder
  6373 | D:7      | Noticed a hornet
  6385 | D:7      | Killed a hornet
  6506 | D:7      | Reached XP level 10. HP: 61/61 MP: 10/10
  6577 | D:7      | Reached skill level 11 in Axes
  6703 | D:7      | Reached * piety under Sif Muna
  7290 | D:8      | Found Naceoj's Armour Shop.
  8085 | D:9      | Noticed a two-headed ogre
  8131 | D:9      | Killed a two-headed ogre
  8132 | D:9      | Reached skill level 12 in Axes
  8498 | D:9      | Noticed a skeletal warrior
  8498 | D:9      | Noticed a skeletal warrior
  8498 | D:9      | Noticed a skeletal warrior
  8582 | D:8      | HP: 2/64 [skeletal warrior/+0 war axe (13)]
  8585 | D:8      | Mangled by a skeletal warrior

Illustrated notes

Levels and vault maps discovered:
D:1:      dpeg_arrival_central, layout_loops_ring
D:2:      layout_loops_corners, lexackson_kobold_supper
D:3:      layout_basic, serial_shops, nicolae_shop_stone, st_stairs_10,
          uniq_grinder
D:4:      layout_cave_pods
D:5:      layout_loops_corners
D:6:      layout_loops_corners, minmay_temple_entry_offerings, minmay_ruffians,
          uniq_edmund
D:7:      layout_loops_ring, eino_jars
D:8:      layout_gridville, serial_shops, shop
D:9:      layout_stronghold, hiddenorc2_lemuel, gammafunk_ghost_spectres,
          minmay_diced_spiral
Temple:   nicolae_temple_slightly_damp_pantheon

Skill      XL: |  1  2  3  4  5  6  7  8  9 10 |
---------------+-------------------------------+-----
Fighting       | 4 5 6 7 |  7.7
Maces & Flails | 3 |  3.6
Axes           | 3 5 8 10 12 | 12.8
Earth Magic    | 1 3 |  3.5
Throwing       | |  0.3
Armour         | |  3.4
Dodging        | |  0.7
Stealth        | |  0.2
Shields        | |  3.2

Action                     |  1- 3 |  4- 6 |  7- 9 | 10-12 || total
---------------------------+-------+-------+-------+-------++-------
  Melee: Flail             |    58 |       |       |       ||    58
         Whip              |    14 |   287 |       |       ||   301
         War axe           |       |    45 |   249 |   182 ||   476
  Throw: Dart              |       |       |     5 |     4 ||     9
    Use: Potion            |     4 |       |       |     2 ||     6
         Scroll            |       |       |     7 |       ||     7
 Armour: Scale mail        |    89 |    42 |   120 |       ||   251
         Chain mail        |       |       |    26 |    88 ||   114
  Dodge: Dodged            |    86 |    42 |    95 |    74 ||   297
  Block: Buckler           |    21 |    19 |    46 |    31 ||   117

Table legend: (Time is in decaauts)
 A = Elapsed time spent in this place.
 B = Non-inter-level travel time spent in this place.
 C = Inter-level travel time spent in this place.
 D = Time resting spent in this place.
 E = Time spent auto-exploring this place.
 F = Levels seen in this place.
 G = Mean time per level.
                   A        B        C        D        E       F      G
               +--------+--------+--------+--------+--------+-----+--------+
         Total |   8646 |   8333 |    313 |    872 |   5258 |  10 |  864.6 |
       Dungeon |   8402 |   8089 |    313 |    872 |   5111 |   9 |  933.6 |
        Temple |    243 |    243 |      0 |      0 |    147 |   1 |  243.0 |
               +--------+--------+--------+--------+--------+-----+--------+

Top non-repeatable levels by time:
     D:2: 1228 daAuts
     D:5: 1172 daAuts
     D:6: 1113 daAuts
     D:4: 1008 daAuts
     D:8: 963 daAuts
     D:7: 917 daAuts
     D:3: 800 daAuts
     D:1: 698 daAuts
     D:9: 500 daAuts
  Temple: 243 daAuts
